 Dungeon Crawl Stone Soup version 0.20.0-3-g22ec75f (webtiles) character file.

13549 Tignaoh the Fighter (level 11, -3/95 HPs)
             Began as a Demonspawn Abyssal Knight on May 26, 2017.
             Was a Believer of Lugonu.
             Slain by a skeletal warrior
             ... wielding a +0 glaive
             ... led by a skeletal warrior
              (18 damage)
             ... on level 11 of the Dungeon on May 27, 2017.
             The game lasted 02:36:11 (19520 turns).

Tignaoh the Fighter (Demonspawn Abyssal Knight)    Turns: 19520, Time: 02:36:11

Health: -3/95      AC: 10    Str: 13    XL:     11   Next: 77%
Magic:  0/18       EV: 10    Int: 14    God:    Lugonu [**....]
Gold:   628        SH:  3    Dex: 15    Spells: 10/10 levels left

rFire    + . .     SeeInvis .   t - +6 falchion (elec)
rCold    + . .     Gourm    .   D - +0 buckler
rNeg     . . .     Faith    .   S - +1 acid dragon scales
rPois    .         Spirit   +   r - +2 helmet
rElec    .         Reflect  .   (no cloak)
rCorr    +         Harm     .   (no gloves)
MR       .....                  (no boots)
Stlth    +.........             (no amulet)
Regen    0.3/turn               n - ring of protection from fire
MPRegen  0.2/turn               B - ring of protection from cold

@: no status effects
A: talons 2, magic shield, rot immunity
a: Depart the Abyss, Bend Space, Renounce Religion


You were on level 11 of the Dungeon.
You worshipped Lugonu.
Lugonu was pleased with you.
You were not hungry.

You visited 2 branches of the dungeon, and saw 13 of its levels.
You visited the Abyss 1 time.

You collected 672 gold pieces.
You spent 44 gold pieces at shops.

Inventory:

Hand Weapons
 q - a cursed -2 blowgun
 t - a +6 falchion of electrocution (weapon)
 u - a +0 shortbow
 G - a +0 dagger of distortion
 L - a +0 falchion of draining
 M - a +0 trident of pain
Missiles
 e - 398 stones (quivered)
 i - 105 arrows
 l - 42 poisoned needles
 w - 78 bolts
Armour
 b - a +1 leather armour
 r - a +2 helmet (worn)
 D - a +0 buckler (worn)
 S - +1 acid dragon scales (worn)
Jewellery
 n - a ring of protection from fire (left hand)
 B - a ring of protection from cold (right hand)
 P - an uncursed ring of fire
Wands
 d - a wand of paralysis (9/24)
 g - a wand of acid (5/15)
 x - a wand of paralysis (0/24)
 y - a wand of scattershot (6/9)
 N - a wand of paralysis (18/24)
 O - a wand of enslavement (11/24)
Scrolls
 m - 2 scrolls of teleportation
 s - 4 scrolls of magic mapping
 K - 2 scrolls of remove curse
Potions
 a - a potion of cancellation
 o - 3 potions of brilliance
 z - a potion of flight
 F - a potion of magic
 H - a potion of ambrosia
Books
 j - a book of Misfortune

   Spells                             Type                      Level
   a - Confusing Touch                Hexes                        1
   b - Confuse                        Hexes                        3
   c - Gell's Gravitas                Translocation                3
   d - Petrify                        Transmutation/Earth          4
   e - Metabolic Englaciation         Hexes/Ice                    5
   f - Yara's Violent Unravelling     Hexes/Transmutation          5
 p - a book of Minor Magic

   Spells                             Type                      Level
   a - Magic Dart                     Conjuration                  1
   b - Blink                          Translocation                2
   c - Call Imp                       Summoning                    2
   d - Slow                           Hexes                        2
   e - Conjure Flame                  Conjuration/Fire             3
   f - Mephitic Cloud                 Conjuration/Poison/Air       3
 R - a book of Clouds

   Spells                             Type                      Level
   a - Poisonous Vapours              Poison/Air                   2
   b - Mephitic Cloud                 Conjuration/Poison/Air       3
   c - Conjure Flame                  Conjuration/Fire             3
   d - Freezing Cloud                 Conjuration/Ice/Air          6
   e - Ring of Flames                 Charms/Fire                  7
Comestibles
 c - 7 bread rations
 h - 3 meat rations


   Skills:
 + Level 11.8 Fighting
 + Level 10.7 Long Blades
 - Level 1.7 Armour
 - Level 0.8 Dodging
 - Level 10.0 Invocations
 + Level 6.6 Evocations


You had 10 spell levels left.
You didn't know any spells.

Dungeon Overview and Level Annotations

Branches:
Dungeon (12/15)              Lair (1/6) D:11            Orc (0/2) D:11
 Temple: D:4-7

Altars:
Cheibriados
Fedhas
Makhleb
Sif Muna
Trog
Vehumet
Yredelemnul

Shops:
D:4 !   D:5 [   D:10 [

Annotations:
D:12 Rupert
Abyss:1 Pikel


Innate Abilities, Weirdness & Mutations

You have razor-sharp toenails.
When hurt, damage is shared between your health and your magic reserves.
You are immune to rotting.


Message History

Rupert hits you with a great mace of crushing!
A cyclops comes into view.
Unknown command.
Rupert rages.
You hear a shout!
You're too confused to move!
You feel less invigorated.
You feel less confused.
Rupert hits you with a great mace of crushing!!
Rupert hits you with a great mace of crushing!!!
* * * LOW HITPOINT WARNING * * *
x2 Your surroundings suddenly seem different.
You found a shaft!
You hear a shout!
There is a stone staircase leading up here.
You climb upwards. 3 skeletal warriors come into view.
The skeletal warrior hits you from afar with a trident.
* * * LOW HITPOINT WARNING * * *
The skeletal warrior hits you with a glaive!!
You die...

##'####### #.....#
#........# #.#####
#...<....# ###'#####
#........# #.......#
#........# #####.#.#
#.z......# #.....#.#
#........######.#####.##
#.......z'....#.#.....'.
#......@.####.'.###.####
#....z...# ###..<#...#
########## #.#.###.#
#.#.#...# #########


You could see 3 skeletal warriors.

Vanquished Creatures
  A two-headed ogre (D:11)
  A cyclops (D:11)
  Psyche (D:9)
  A centaur skeleton (D:8)
  A spiny frog (Lair:1)
  A hippogriff (D:9)
  A basilisk (Lair:1)
  12 yaks
  A hungry ghost (D:11)
  An acid dragon (D:11)
  2 wargs
  Duvessa (D:5)
  4 porcupines
  6 water moccasins
  A hornet zombie (D:6)
  2 ice beasts
  2 orc warriors
  A necrophage (D:5)
  8 ogres
  5 centaurs
  A crocodile (D:11)
  2 big kobolds
  6 bullfrogs
  A wyvern skeleton (D:10)
  Dowan (D:5)
  4 scorpions
  The ghost of Sarmenti the Chopper, a weakling MiFi (D:3)
  10 killer bees
  5 howler monkeys
  6 crimson imps
  8 hounds
  4 jellies
  14 orc wizards
  11 orc priests
  A bullfrog skeleton (D:9)
  3 iguanas
  Ijyb (D:5)
  Natasha (thrice) (D:4)
  10 worker ants
  2 killer bee zombies
  A worker ant zombie (D:11)
  A howler monkey skeleton (D:10)
  8 adders
  A river rat (D:3)
  5 shadow imps
  An ooze (D:3)
  An adder skeleton (D:5)
  2 dart slugs
  2 worms
  7 leopard geckos
  34 orcs
  2 ball pythons
  9 giant cockroaches
  5 goblins
  4 hobgoblins
  27 jackals
  4 quokkas
  3 bats
  7 frilled lizards
  A jackal zombie (D:8)
  13 kobolds
  A leopard gecko skeleton (D:4)
  7 rats
293 creatures vanquished.

Vanquished Creatures (others)
  4 two-headed ogres
  A spriggan (D:8)
  A wraith (D:10)
  A shadow (D:11)
  A yak (D:11)
  A warg (D:10)
  2 orc warriors
  A big kobold (D:7)
  3 killer bees (D:8)
  A wight (D:6)
  A leopard gecko (D:7)
  A giant cockroach (D:7)
  3 kobolds (D:7)
  A quokka (D:7)
22 creatures vanquished.

Grand Total: 315 creatures vanquished

Notes
Turn   | Place    | Note
-------+----------+-------------------------------------------
     0 | Abyss:1  | Tignaoh the Demonspawn Abyssal Knight began the quest for the Orb.
     0 | Abyss:1  | Reached XP level 1. HP: 18/18 MP: 2/2
    53 | Abyss:1  | Noticed a large abomination
    53 | Abyss:1  | Noticed a small abomination
    54 | D:1      | Escaped the Abyss
   162 | D:1      | Reached * piety under Lugonu
   167 | D:1      | Gained mutation: You have sharp toenails. [demonic ancestry]
   167 | D:1      | Reached XP level 2. HP: 17/24 MP: 3/3
  1206 | D:1      | Gained mutation: You have razor-sharp toenails. [demonic ancestry]
  1206 | D:1      | Reached XP level 3. HP: 22/30 MP: 4/4
  1498 | D:2      | Found a basalt altar of Yredelemnul.
  1518 | D:2      | Reached skill level 4 in Fighting
  1614 | D:2      | Reached ** piety under Lugonu
  1674 | D:2      | Found a radiant altar of Vehumet.
  1805 | D:2      | Reached XP level 4. HP: 36/37 MP: 5/5
  1874 | D:3      | Noticed Sarmenti's ghost (weakling MiFi)
  2290 | D:3      | Killed Sarmenti's ghost
  2508 | D:3      | Reached XP level 5. HP: 32/43 MP: 6/6
  3096 | D:3      | Reached skill level 5 in Fighting
  3628 | D:4      | Noticed Natasha
  3636 | D:4      | Killed Natasha
  3653 | D:3      | Gained mutation: When hurt, damage is shared between your health and your magic reserves. [demonic ancestry]
  3653 | D:3      | Reached XP level 6. HP: 35/51 MP: 7/7
  4097 | D:4      | Noticed Natasha
  4153 | D:4      | Killed Natasha
  4187 | D:4      | Found a blossoming altar of Fedhas.
  4226 | D:4      | Noticed Natasha
  4231 | D:4      | Killed Natasha
  4340 | D:5      | Entered Level 5 of the Dungeon
  4470 | D:5      | Noticed Ijyb
  4475 | D:5      | Killed Ijyb
  4479 | D:5      | Noticed Dowan
  4483 | D:5      | Noticed Duvessa
  4504 | D:5      | Killed Duvessa
  4504 | D:5      | Reached skill level 6 in Fighting
  4504 | D:5      | Reached skill level 5 in Long Blades
  4504 | D:5      | Gained mutation: You are immune to rotting. [demonic ancestry]
  4504 | D:5      | Reached XP level 7. HP: 54/58 MP: 8/8
  4510 | D:5      | Killed Dowan
  5294 | D:5      | Paralysed by an orc for 4 turns
  5394 | D:5      | Found a burning altar of Makhleb.
  5426 | D:5      | Reached *** piety under Lugonu
  5519 | D:5      | Found Vuamet's Armour Boutique.
  5655 | D:5      | Reached skill level 7 in Fighting
  5868 | D:4      | Reached XP level 8. HP: 65/67 MP: 8/11
  5899 | D:4      | Found Nufrerao's Distillery.
  6169 | D:4      | Bought a potion of might for 44 gold pieces
  6860 | D:6      | Reached skill level 5 in Invocations
  7502 | D:5      | Reached skill level 8 in Fighting
  7633 | D:6      | Found a bloodstained altar of Trog.
  7642 | D:6      | Found a snail-covered altar of Cheibriados.
  8225 | D:5      | Reached XP level 9. HP: 14/74 MP: 1/14
  8912 | D:7      | Noticed Pikel
  8943 | D:7      | Banished Pikel
  9773 | D:8      | Found a deep blue altar of Sif Muna.
  9863 | D:8      | Reached skill level 9 in Fighting
 11520 | D:9      | Reached XP level 10. HP: 80/83 MP: 14/16
 11582 | D:9      | Noticed a two-headed ogre
 11585 | D:9      | Banished a two-headed ogre
 12037 | D:9      | Noticed Psyche
 12041 | D:9      | Killed Psyche
 12254 | D:9      | Reached skill level 10 in Invocations
 12277 | D:9      | Reached skill level 10 in Fighting
 12546 | D:9      | Reached **** piety under Lugonu
 12586 | D:9      | Reached skill level 1 in Evocations
 12887 | D:10     | Entered Level 10 of the Dungeon
 12947 | D:10     | Noticed a two-headed ogre
 12951 | D:10     | Banished a two-headed ogre
 13098 | D:10     | Noticed a two-headed ogre
 13101 | D:10     | Banished a two-headed ogre
 13247 | D:10     | Noticed a two-headed ogre
 13249 | D:10     | Banished a two-headed ogre
 13292 | D:10     | Noticed a two-headed ogre
 13293 | D:10     | Banished a two-headed ogre
 13356 | D:10     | Found Diuq's Armour Boutique.
 13570 | D:10     | Identified a scroll of acquirement
 13985 | D:11     | Found a staircase to the Lair.
 14682 | D:11     | Reached XP level 11. HP: 70/92 MP: 13/18
 14915 | D:11     | Found a staircase to the Orcish Mines.
 15290 | D:11     | Reached skill level 11 in Fighting
 15322 | D:11     | Reached skill level 10 in Long Blades
 16203 | D:11     | Noticed a two-headed ogre
 16218 | D:11     | Killed a two-headed ogre
 16218 | D:11     | Reached skill level 5 in Evocations
 16436 | D:12     | Noticed a five-headed hydra
 16673 | Lair:1   | Entered Level 1 of the Lair of Beasts
 17010 | D:12     | Noticed Rupert
 18752 | Lair:1   | Noticed a death yak
 18755 | Lair:1   | Noticed a death yak
 18755 | Lair:1   | Noticed a death yak
 18890 | D:11     | Banished a five-headed hydra
 19520 | D:11     | Noticed a skeletal warrior
 19520 | D:11     | Noticed a skeletal warrior
 19520 | D:11     | Noticed a skeletal warrior
 19520 | D:11     | Slain by a skeletal warrior

Skill      XL: |  1  2  3  4  5  6  7  8  9 10 11 |
---------------+----------------------------------+-----
Long Blades    | 2 3 4 5 7 8 9 10 | 10.7
Fighting       | 4 5 6 7 8 9 10 11 | 11.8
Invocations    | 4 6 9 10 | 10.0
Evocations     | 4 6 |  6.6
Armour         | |  1.7
Dodging        | |  0.8

Action                   |  1- 3 |  4- 6 |  7- 9 | 10-12 || total
-------------------------+-------+-------+-------+-------++-------
Melee: Falchion          |   129 |   224 |   299 |   470 ||  1122
       Kick              |    26 |    53 |    88 |   138 ||   305
       Dagger            |       |       |       |     5 ||     5
 Fire: Shortbow          |       |       |       |     6 ||     6
Throw: Stone             |    44 |    29 |     8 |    10 ||    91
Invok: Depart the Abyss  |     1 |       |       |       ||     1
       Bend Space        |       |       |     9 |     3 ||    12
       Banish            |       |       |     6 |    18 ||    24
Evoke: Wand              |       |       |    13 |     5 ||    18
  Use: Scroll            |     8 |     8 |    12 |    15 ||    43
       Potion            |     1 |     3 |     5 |     7 ||    16
 Stab: Paralysed         |       |       |     3 |     3 ||     6
       Sleeping          |       |       |     1 |     1 ||     2
       Distracted        |       |       |       |     2 ||     2
  Eat: Royal jelly       |     1 |       |     2 |       ||     3
       Chunk             |     1 |     9 |    15 |    24 ||    49
       Fruit             |       |       |     6 |     3 ||     9
       Bread ration      |       |       |       |     1 ||     1
Armor: Leather armour    |    30 |    40 |    70 |    50 ||   190
       Skin              |       |    49 |     1 |     7 ||    57
       Acid dragon scale |       |       |       |    49 ||    49
Dodge: Dodged            |    86 |   106 |   193 |   176 ||   561
Block: Buckler           |       |       |       |    36 ||    36
       Rpst.: Falchion   |    24 |    32 |    56 |    55 ||   167
